 Dungeon Crawl Stone Soup version 0.31-a0-968-g24f9ace8b5 (webtiles) character file.

Game seed: 16530348072994941245

163 Dirtsage the Ruffian (level 5, -3/34 HPs)
             Began as an Octopode Shapeshifter on Oct 27, 2023.
             Slain by a hobgoblin
             ... wielding a +0 club
              (6 damage)
             ... on level 3 of the Dungeon.
             The game lasted 00:07:39 (2408 turns).

Dirtsage the Ruffian (Octopode Shapeshifter)        Turns: 2408, Time: 00:07:39

Health: -3/34      AC:  1    Str: 14    XL:     5   Next: 44%
Magic:  5/5        EV: 18    Int: 12    God:
Gold:   192        SH:  0    Dex: 13    Spells: 4/4 levels left

rFire   + .          .
                       - Unarmed
rCold   . . .        p - orb {light}
rNeg    . . .        (helmet currently unavailable)
rPois   .            (no amulet)
rElec   .            f - +5 ring of evasion
rCorr   .            F - ring of protection from fire
SInv    .            (no ring)
Will    .....        (no ring)
Stlth   ++           (no ring)
HPRegen 0.25/turn    (no ring)
MPRegen 0.09/turn    (no ring)
                     (no ring)

%: no passive effects
@: beast-form, glowing
A: beast (slay +2), almost no armour, amphibious, 8 rings, camouflage 1,
gelatinous body 1, nimble swimmer 1, tentacles
a: Begin Untransformation


You were on level 3 of the Dungeon.
You were a hulking beast.
You visited 1 branch of the dungeon, and saw 3 of its levels.

You collected 192 gold pieces.

Inventory:

Armour
 e - a +0 kite shield
 p - an orb of light (worn)
Jewellery
 f - a +5 ring of evasion (left tentacle)
 F - a ring of protection from fire (right tentacle)
Talismans
 b - a beast talisman
 c - a flux talisman
Wands
 l - a wand of flame (11)
Scrolls
 d - 5 scrolls of identify {unknown}
 j - a scroll of noise {unknown}
 m - 2 scrolls of fear {unknown}
 n - a scroll of summoning {unknown}
 o - a scroll of amnesia {unknown}
Potions
 a - a potion of lignification
 g - a potion of brilliance {unknown}
 h - a potion of magic {unknown}
 i - a potion of enlightenment {unknown}
 k - a potion of attraction {unknown}
 q - a potion of ambrosia {unknown}


   Skills:
 + Level 2.3 Fighting
 - Level 2.0 Dodging
 * Level 4.4 Unarmed Combat
 * Level 4.2 Shapeshifting


You had 4 spell levels left.
You didn't know any spells.
Your spell library contained the following spells:

 Spells                   Type           Power      Damage    Failure   Level
 Vhi's Electric Charge    Tloc/Air       0%         N/A       97%         4
 Arcjolt                  Conj/Air       0%         1d10      100%        5
 Plasma Beam              Fire/Air       0%         2x1d10    100%        6


Dungeon Overview and Level Annotations

Branches:
Dungeon (3/15)

Altars:
Zin


Innate Abilities, Weirdness & Mutations

You are a hulking beast.
Your limbs bulge with bestial killing power. (Slay +2)
You cannot wear most types of armour.
You are amphibious.
You can wear up to eight rings at the same time.
Your skin changes colour to match your surroundings (Stealth+).
Your rubbery body absorbs attacks. (AC +1, EV +1)
You are camouflaged when in or above water. (Stealth+)
You have tentacles for arms and can constrict up to eight enemies at once.


Message History

You kill the gnoll!
You hear a splash.
The kobold throws a stone.
The stone hits you.
You take 1 damage, and have 19/34 hp.
The hobgoblin shoots a sling bullet.
The sling bullet closely misses you.
The hobgoblin shoots a sling bullet.
The sling bullet barely misses you.
The kobold throws a stone.
The stone closely misses you.
The hobgoblin shoots a sling bullet.
The sling bullet hits you.
You take 4 damage, and have 16/34 hp.
The kobold throws a stone.
The stone barely misses you.
The hobgoblin shoots a sling bullet.
The sling bullet completely misses you.
You barely miss the gnoll. You grab the gnoll.
You constrict the gnoll, but do no damage.
The gnoll barely misses you.
You tentacle-slap the gnoll. You squeeze the gnoll.
The gnoll is moderately wounded.
You constrict the gnoll.
The gnoll splashes around in the water.
You tentacle-slap the gnoll.
The gnoll is severely wounded.
You constrict the gnoll.
The gnoll splashes around in the water.
The hobgoblin hits you with a +0 club!
You take 8 damage, and have 12/34 hp.
MASSIVE DAMAGE!!
You bludgeon the gnoll!
You kill the gnoll!
You hear a splash.
The kobold hits you with a +0 club.
* * * LOW HITPOINT WARNING * * *
You take 3 damage, and have 9/34 hp.
The hobgoblin attacks as it pursues you!
The hobgoblin hits you with a +0 club!
* * * LOW HITPOINT WARNING * * *
The kobold attacks as it pursues you! The kobold closely misses you.
You take 7 damage, and have 2/34 hp.
MASSIVE DAMAGE!!
The kobold throws a stone.
The stone barely misses you.
The kobold throws a stone.
The stone closely misses you.
The kobold throws a stone.
The stone closely misses you.
You tentacle-slap the hobgoblin. You grab the hobgoblin.
The hobgoblin is moderately wounded.
You constrict the hobgoblin. The hobgoblin hits you with a +0 club.
You die...

########....... #≈≈≈≈≈≈
#..........# #≈≈≈≈≈≈≈
gg.g.g.....# #≈≈≈≈≈≈≈
#......g).)# #≈≈≈≈≈≈≈
########).)...... ##≈≈≈≈≈≈
.'........K #≈≈≈≈≈≈ gg.#......$..
#≈≈≈≈≈≈ #######################
#≈≈≈≈≈≈
g≈≈≈≈≈≈≈≈≈≈≈≈≈≈≈h≈≈≈≈≈#####≈≈≈≈≈≈
~≈≈g≈≈≈≈≈≈≈≈≈≈≈g≈≈≈≈≈≈≈≈≈≈≈~≈≈≈≈≈
~~~K≈~~~~~~)~K~~~~≈~~~~~~~~~~~~~~
~~~g~~.~~..~~.~~.~~~....~).~~~..~
)................................
.........).................†.....
##.....###...##.####.###.........
##..### #......# #...).########
#.#### #..##### ####.##


You could see a hobgoblin and a kobold.

Vanquished Creatures
  Robin (D:2)
  3 gnolls (D:3)
  3 adders
  3 worms
  3 dart slugs
  An orc (D:2)
  2 bats (D:1)
  2 endoplasms
  2 giant cockroaches
  19 goblins
  11 hobgoblins
  2 quokkas
  10 ball pythons
  4 frilled lizards
  6 kobolds
  8 rats
80 creatures vanquished.

Notes
Turn   | Place    | Note
-------+----------+-------------------------------------------
     0 | D:1      | Dirtsage the Octopode Shapeshifter began the quest for the
                  | Orb.
     0 | D:1      | Reached XP level 1. HP: 13/13 MP: 1/1
    80 | D:1      | Reached XP level 2. HP: 15/18 MP: 2/2
   445 | D:1      | Reached XP level 3. HP: 23/23 MP: 3/3
  1319 | D:2      | Reached XP level 4. HP: 29/29 MP: 4/4
  1358 | D:2      | Found a glowing silver altar of Zin.
  1363 | D:2      | Maw digging
  1429 | D:2      | Noticed Robin
  1448 | D:2      | Killed Robin
  2151 | D:3      | Reached XP level 5. HP: 21/34 MP: 5/5
  2408 | D:3      | Slain by a hobgoblin

Illustrated notes

##.###....##
######..........#
..#.#.#...# #..........#
..####...##
............#
...##)...###
.......########
.#.##..#.#.# ........#
.#####..#.########......
.# #..#..#.##...........
.####..#.####......._...
..#.#.....###...h$.....#
#..†..8.8..............#
..#.#.....###.........##
.####..#.## #...........
.# #..#..# #....$..###.
.# ###..#. ##....?.#%#.
.# #..#.#.# #......###.
.. #....### #..?.......
. # ##.. .......


Turn 1363 on D:2: Maw digging

Levels and vault maps discovered:
D:1:      psy_arrival_fountain, layout_basic, minivault_19,
          minmay_rat_gold_closets
D:2:      wad_crossroads, layout_basic, basic_altar, serial_glass,
          glass_columns_b, glass_columns_a, due_unseen_surprise,
          item_on_display_a, uniq_robin
D:3:      minmay_goblin_kobold_castle, layout_loops_ring

Skill      XL: |  1  2  3  4 |
---------------+-------------+-----
Fighting       | 2 |  2.3
Unarmed Combat | 4 |  4.4
Shapeshifting  | 4 |  4.2
Dodging        | |  2.0

Action                     |  1- 3 |  4- 6 || total
---------------------------+-------+-------++-------
  Melee: Unarmed           |    71 |    72 ||   143
         Tentacles         |    20 |    17 ||    37
         Constrict         |    20 |    22 ||    42
         Punch             |       |     1 ||     1
   Stab: Sleeping          |    12 |     2 ||    14
 Armour: Skin              |    20 |    24 ||    44
  Dodge: Dodged            |    37 |    59 ||    96

Table legend: (Time is in decaauts)
 A = Elapsed time spent in this place.
 B = Non-inter-level travel time spent in this place.
 C = Inter-level travel time spent in this place.
 D = Time resting spent in this place.
 E = Time spent auto-exploring this place.
 F = Levels seen in this place.
 G = Mean time per level.
                   A        B        C        D        E       F      G
               +--------+--------+--------+--------+--------+-----+--------+
         Total |   2395 |   2349 |     46 |      0 |   1844 |   3 |  798.3 |
       Dungeon |   2395 |   2349 |     46 |      0 |   1844 |   3 |  798.3 |
               +--------+--------+--------+--------+--------+-----+--------+

Top non-repeatable levels by time:
     D:1: 1021 daAuts
     D:2: 848 daAuts
     D:3: 525 daAuts
